cohdb
Replays
Latest Replays
All Replays
Popular Replays
Top Player Replays
Match Explorer
How It Works
Community
CoH3 Stats
Reddit
Sign in to upload your games and track your stats! →
Sign in with Steam
Match 41041956
Unlisted
Match 41041956
Overview
Messages
Build Orders
End
Kettenkrad Recon Vehicle
Construct Infanterie Kompanie
MG 42 Machine Gun Team
Grenadier Squad
Grenadier Squad
Construct Panzergrenadier Kompanie
251 Medium Carrier
Panzergrenadier Squad
Pak 40 Anti-tank Gun Team
Selects Mechanized Battlegroup
Construct Panzer Kompanie
Selects Raid Package
Selects StuG Assault Group
Selects UNKNOWN (2160084)
Panther Heavy Tank
upu
한글
Valdai
ASnowBiiBall
Ash//Fox
sundr
Redbox
Reiss.^
0
0
Comments
sign in to comment!
No comments posted yet!